Map: Abyssal Reef LE

Players

TLO

  • Race: Zerg Zerg
  • Spawn Location: 11:00

Has - Winner!

  • Race: Protoss Protoss
  • Spawn Location: 5:00

Event: WCS Montreal 2017

VOD

Have the link to the VOD?

Description

Time

  • Played on: Sept. 8, 2017, 5:55 p.m.
  • Length: 7:08

All games in this series

Show
View Real Time Build Order
Export as new Build Order

TLO Zerg 

Build Orders: Hatch First 

Get SALT Encoding   

  12  0:00  Drone  
  13  0:12  Overlord  
  13  0:17  Drone  
  14  0:30  Drone  
  14  0:31  Drone  
  16  0:47  Drone  
  17  0:55  Drone  
  18  1:01  Hatchery  
  17  1:10  Spawning Pool  
  16  1:13  Drone  
  16  1:17  Drone  
  18  1:20  Drone  
  19  1:25  Extractor  
  19  1:30  Drone  
  19  1:38  Overlord  
  19  1:52  Drone  
  20  1:56  Extractor  
  20  1:59  Roach Warren  
  20  2:00  Drone  
  19  2:02  Queen  
  21  2:16  Drone  
  22  2:38  Roach x3  
  22  2:43  Roach  
  32  2:53  Overlord  
  32  3:00  Ravager  
  31  3:13  Ravager  
  31  3:15  Ravager  
  31  3:16  Drone  
  31  3:18  Drone  
  31  3:19  Drone  
  36  3:26  Hatchery  
  35  3:29  Drone  
  35  3:31  Drone  
  37  3:41  Zergling x2  
  38  3:47  Overlord  
  38  4:04  Queen  
  38  4:08  Drone  
  41  4:16  Drone  
  42  4:17  Drone  
  42  4:21  Drone  
  42  4:23  Zergling x2  
  44  4:31  Zergling x4  
  43  4:40  Queen  
  42  4:47  Hatchery  
  42  4:48  Zergling x2  
  42  4:51  Zergling x2  
  43  4:56  Zergling x2  
  43  4:57  Zergling x2  
  44  5:01  Drone  
  44  5:05  Drone  
  46  5:16  Pneumatized Carapace  
  46  5:17  Hatchery  
  46  5:20  Drone  
  43  5:24  Drone  
  42  5:41  Roach, Overlord  
  44  5:48  Spore Crawler, Zergling x2  
  44  5:50  Zergling x2  
  44  5:56  Overlord  
  45  5:58  Queen  
  45  6:02  Evolution Chamber  
  45  6:03  Ravager  
  47  6:05  Zergling x2  
  47  6:07  Roach  
  50  6:11  Overlord  
  50  6:12  Zergling x4  
  52  6:24  Roach x2  
Show
View Real Time Build Order
Export as new Build Order

Has Protoss - Winner!

Build Orders: Oracle Opening 

Get SALT Encoding   

  12  0:01  Probe (Chrono Boost)  
  13  0:11  Probe (Chrono Boost)  
  14  0:18  Pylon  
  14  0:22  Probe (Chrono Boost)  
  15  0:36  Probe (Chrono Boost)  
  15  0:40  Gateway  
  16  0:47  Probe (Chrono Boost)  
  17  0:50  Assimilator  
  17  0:58  Probe (Chrono Boost)  
  18  1:08  Probe (Chrono Boost)  
  19  1:12  Forge  
  19  1:19  Probe (Chrono Boost)  
  20  1:29  Probe (Chrono Boost)  
  22  1:40  Probe (Chrono Boost), Pylon  
  22  1:46  Pylon  
  22  1:47  Pylon  
  22  1:50  Probe (Chrono Boost)  
  22  1:51  Pylon  
  23  1:58  Photon Cannon  
  23  2:03  Photon Cannon  
  23  2:11  Photon Cannon  
  23  2:16  Probe (Chrono Boost)  
  24  2:26  Probe (Chrono Boost)  
  25  2:31  Cybernetics Core  
  25  2:37  Probe (Chrono Boost), Assimilator  
  28  2:48  Probe  
  28  3:05  Nexus  
  27  3:11  Stargate  
  26  3:17  Mothership Core (Chrono Boost)  
  28  3:22  Pylon  
  28  3:31  Photon Cannon  
  28  3:38  Probe (Chrono Boost)  
  29  3:48  Probe (Chrono Boost)  
  30  3:52  Photon Cannon  
  30  3:55  Oracle (Chrono Boost)  
  30  3:59  Probe  
  34  4:11  Probe  
  34  4:15  Probe  
  36  4:23  Probe  
  37  4:28  Probe, Pylon  
  41  4:36  Probe  
  42  4:41  Probe  
  42  4:43  Oracle (Chrono Boost)  
  43  4:49  Probe  
  43  4:52  Probe  
  44  4:59  Pylon  
  45  5:02  Probe  
  45  5:03  Pylon  
  45  5:05  Assimilator  
  45  5:06  Probe, Assimilator  
  46  5:12  Cybernetics Core  
  47  5:16  Probe  
  47  5:18  Pylon  
  49  5:23  Gateway, Oracle (Chrono Boost)  
  49  5:25  Photon Cannon  
  49  5:28  Probe x2  
  51  5:31  Pylon  
  53  5:38  Probe  
  53  5:40  Probe  
  55  5:45  Pylon  
  55  5:48  Stargate  
  55  5:49  Stargate  
  55  5:55  Probe, Oracle (Chrono Boost)  
  59  5:57  Probe  
  60  6:06  Probe  
  60  6:09  Probe  
  62  6:16  Probe  
  63  6:19  Pylon  
  63  6:26  Nexus  
  63  6:29  Pylon  
  63  6:30  Pylon  
  66  6:35  Oracle (Chrono Boost)  
  66  6:36  Oracle (Chrono Boost)  
  69  6:43  Probe  
  69  6:44  Probe  
  74  6:55  Probe  
Tags
 
Add a new tag
Caveats
  • Supply blocks, unpowered buildings, or Contaminate may cause inaccurate times.
  • Supply counts are checked every 10 seconds.